 Dungeon Crawl Stone Soup version 0.29-a0-1019-g84f7d21838 (webtiles) character file.

Game seed: 1717519699606041120

742324 ragingrage the Conqueror (level 27, -12/273 HPs)
             Began as a Minotaur Delver on Aug 9, 2022.
             Was the Champion of the Shining One.
             Mangled by an iron giant
             ... wielding a +0 giant club
              (42 damage)
             ... on level 4 of the Iron City of Dis on Aug 10, 2022.
             The game lasted 02:22:32 (79874 turns).

ragingrage the Conqueror (Minotaur Delver)         Turns: 79874, Time: 02:22:32

Health: -12/273    AC: 42    Str: 29    XL:     27
Magic:  0/34       EV: 17    Int:  7    God:    the Shining One [******]
Gold:   6440       SH:  0    Dex: 19    Spells: 26/26 levels left

rFire   + + .      SeeInvis .   a - +9 executioner's axe (holy)
rCold   + + .      Faith    .   (shield currently unavailable)
rNeg    + + +      Spirit   +   p - +9 gold dragon scales
rPois   +          Reflect  .   W - -2 hat of the Alchemist {rElec rPois rF+ rC+ rN+ Will+ rMut rCorr}
rElec   +          Harm     .   I - +2 cloak of Incorporation {Drain rPois Regen+ Dex+5}
rCorr   +          Rampage  .   S - +1 pair of gloves {hurl}
rMut    +                       k - +3 pair of mountain boots {steadfast, rC+}
Will    +++++                   r - amulet of guardian spirit
Stlth   ..........              Y - ring of the Ego {rPois rC- Will++ AC+4 Slay+2}
HPRegen 1.35/turn               K - +4 ring of slaying
MPRegen 0.24/turn

@: glowing, studying Polearms, unable to read, corroded
A: horns 2, retaliatory headbutt, inability to read while threatened 1
}: 5/15 runes: decaying, serpentine, slimy, silver, abyssal
a: Renounce Religion, Divine Shield, Cleansing Flame, Summon Divine Warrior


You were on level 4 of the Iron City of Dis.
You worshipped the Shining One.
The Shining One was exalted by your worship.
You visited 15 branches of the dungeon, and saw 67 of its levels.
You visited the Abyss 3 times.
You also visited: Gauntlet, Ice Cave, Volcano and Wizlab.

You collected 8889 gold pieces.
You spent 2449 gold pieces at shops.

Inventory:

Hand Weapons
 a - a +9 executioner's axe of holy wrath (weapon)
 b - the +8 frozen axe "Frostbite" {freezing cloud, *Noise Fly rC+}
   (You acquired it on level 5 of the Pits of Slime)

   It freezes those it strikes, dealing additional cold damage.
   It can also slow down cold-blooded creatures.
   It occasionally leaves clouds of freezing vapour upon striking a foe.
   It grants immunity to clouds of freezing vapour.
   rC:        It protects you from cold.
   Fly:       It grants you flight.
   *Noise:    It may make noises in combat.
 q - the +9 shortbow of Focus {vorpal, rElec rCorr Str+2 Int-5}
   (You found it on level 3 of the Elven Halls)

   Any ammunition fired from it inflicts extra damage upon your enemies.
   Str:       It affects your strength (+2).
   Int:       It affects your intelligence (-5).
   rElec:     It insulates you from electricity.
   rCorr:     It protects you from acid and corrosion.
 F - the +8 Wrath of Trog {antimagic, *Rage Rampage}
   (You found it on level 3 of the Swamp)

   It reduces the magical energy of the wielder, and disrupts the spells and
   magical abilities of those it strikes.
   Natural abilities and divine invocations are not affected.
   It causes slowness and exhaustion when equipped.
   It extends the wielder's berserk rage when killing foes.
   *Rage:     It berserks you when you make melee attacks (+50% chance).
   Rampage:   It bestows one free step when moving towards enemies.
Missiles
 l - 32 poisoned darts
 H - 7 silver boomerangs (quivered)
 L - 44 javelins
 M - 4 throwing nets
 R - 11 silver javelins
 T - 24 curare-tipped darts
Armour
 k - the +3 pair of mountain boots (worn) {steadfast, rC+}
   (You bought it in a shop on level 2 of the Orcish Mines)

   It prevents involuntary movement, except for blinking, teleportation, or
   banishment.
   rC:        It protects you from cold.
 p - +9 gold dragon scales (worn)
 I - the +2 cloak of Incorporation (worn) {Drain rPois Regen+ Dex+5}
   (Okawaru gifted it to you on level 3 of the Snake Pit)

   Dex:       It affects your dexterity (+5).
   rPois:     It protects you from poison.
   Regen:     It increases your rate of health regeneration.
   Drain:     It drains your maximum health when unequipped.
 S - a +1 pair of gloves of hurling (worn)
 W - the -2 hat of the Alchemist (worn) {rElec rPois rF+ rC+ rN+ Will+ rMut rCorr}
   (You found it in a wizard's laboratory)

   rF:        It protects you from fire.
   rC:        It protects you from cold.
   rElec:     It insulates you from electricity.
   rPois:     It protects you from poison.
   rN:        It protects you from negative energy.
   rCorr:     It protects you from acid and corrosion.
   rMut:      It protects you from mutation.
   Will:      It increases your willpower.
Jewellery
 r - an amulet of guardian spirit (around neck)
 K - a +4 ring of slaying (right hand)
 Y - the ring of the Ego (left hand) {rPois rC- Will++ AC+4 Slay+2}
   (You acquired it on level 5 of the Pits of Slime)

   [ring of protection]

   AC:        It affects your AC (+4).
   Slay:      It affects your accuracy & damage with ranged weapons and melee
   (+2).
   rC:        It makes you vulnerable to cold.
   rPois:     It protects you from poison.
   Will:      It greatly increases your willpower.
Wands
 f - a wand of paralysis (53)
 g - a wand of digging (31)
 i - a wand of light (24)
 n - a wand of polymorph (12)
 J - a wand of flame (111)
 Z - a wand of roots (27)
Scrolls
 d - 2 scrolls of magic mapping
 e - 11 scrolls of fear
 s - 13 scrolls of blinking
 u - 11 scrolls of poison
 w - a scroll of brand weapon
 x - 33 scrolls of teleportation
 B - 9 scrolls of vulnerability
 C - 9 scrolls of summoning
 G - a scroll of silence
 O - 6 scrolls of amnesia
 V - 2 scrolls of butterflies
Potions
 j - 27 potions of curing
 m - 6 potions of resistance
 o - 15 potions of attraction
 t - 11 potions of haste
 v - 14 potions of heal wounds
 z - 17 potions of lignification
 A - 10 potions of magic
 D - 9 potions of brilliance
 E - 13 potions of might
 N - 12 potions of flight
 P - 8 potions of cancellation
 Q - 5 potions of ambrosia
 U - 26 potions of mutation
 X - a potion of berserk rage
Miscellaneous
 c - a box of beasts
 h - a phantom mirror
 y - a tin of tremorstones (2/2)


   Skills:
 O Level 27 Fighting
 - Level 24.0 Axes
 + Level 7.1 Ranged Weapons
 - Level 20.0 Throwing
 O Level 27 Armour
 + Level 18.7 Dodging
 - Level 13.0 Stealth
 + Level 16.6 Invocations
 + Level 18.5 Evocations


You had 26 spell levels left.
You didn't know any spells.
Your spell library contained the following spells:

 Spells                   Type           Power      Damage    Failure   Level
 Apportation              Tloc           0%         N/A       95%         1
 Foxfire                  Conj/Fire      0%         2x1d4     95%         1
 Freeze                   Ice            0%         1d3       95%         1
 Necrotise                Necr           0%         1d4       95%         1
 Sandblast                Erth           0%         2d4       95%         1
 Shock                    Conj/Air       0%         1d3       95%         1
 Sting                    Tmut/Pois      0%         1d3       95%         1
 Summon Small Mammal      Summ           0%         N/A       95%         1
 Blink                    Tloc           0%         N/A       98%         2
 Ensorcelled Hibernation  Hex/Ice        0%         N/A       98%         2
 Passwall                 Tmut/Erth      0%         N/A       98%         2
 Static Discharge         Conj/Air       0%         3-3/arc   98%         2
 Sublimation of Blood     Necr           0%         N/A       98%         2
 Call Canine Familiar     Summ           0%         N/A       100%        3
 Confusing Touch          Hex            0%         N/A       100%        3
 Conjure Flame            Conj/Fire      0%         6-21      100%        3
 Dazzling Flash           Conj/Hex       0%         N/A       100%        3
 Frozen Ramparts          Ice            0%         1d1       100%        3
 Gell's Gravitas          Tloc           0%         N/A       100%        3
 Ignite Poison            Fire/Tmut/Pois 0%         N/A       100%        3
 Inner Flame              Hex/Fire       0%         N/A       100%        3
 Lesser Beckoning         Tloc           0%         N/A       100%        3
 Portal Projectile        Hex/Tloc       0%         N/A       100%        3
 Spider Form              Tmut/Pois      0%         N/A       100%        3
 Stone Arrow              Conj/Erth      0%         3d7       100%        3
 Swiftness                Air            0%         N/A       100%        3
 Teleport Other           Tloc           0%         N/A       100%        3
 Tukima's Dance           Hex            0%         N/A       100%        3
 Vampiric Draining        Necr           0%         2d6       100%        3
 Airstrike                Air            0%         2d(0-16)  100%        4
 Anguish                  Hex/Necr       0%         N/A       100%        4
 Animate Armour           Summ/Erth      0%         N/A       100%        4
 Corpse Rot               Necr/Pois/Air  0%         N/A       100%        4
 Dispel Undead            Necr           0%         3d6       100%        4
 Flame Wave               Conj/Fire      0%         2d4       100%        4
 Fulminant Prism          Conj/Hex       0%         3d6       100%        4
 Hailstorm                Conj/Ice       0%         3d3       100%        4
 Ice Form                 Ice/Tmut       0%         N/A       100%        4
 Leda's Liquefaction      Hex/Erth       0%         N/A       100%        4
 Olgreb's Toxic Radiance  Pois           0%         N/A       100%        4
 Passage of Golubria      Tloc           0%         N/A       100%        4
 Petrify                  Tmut/Erth      0%         N/A       100%        4
 Sticky Flame             Conj/Fire      0%         2d3       100%        4
 Summon Ice Beast         Ice/Summ       0%         N/A       100%        4
 Summon Lightning Spire   Summ/Air       0%         N/A       100%        4
 Agony                    Necr           0%         N/A       100%        5
 Alistair's Intoxication  Tmut/Pois      0%         N/A       100%        5
 Blade Hands              Tmut           0%         N/A       100%        5
 Borgnjor's Vile Clutch   Necr/Erth      0%         N/A       100%        5
 Fireball                 Conj/Fire      0%         3d3       100%        5
 Freezing Cloud           Conj/Ice/Air   0%         6-21      100%        5
 Irradiate                Conj/Tmut      0%         3d11      100%        5
 Iskenderun's Battlesphe  Conj           0%         2d6       100%        5
 Lee's Rapid Deconstruct  Erth           0%         3d5*      100%        5
 Lightning Bolt           Conj/Air       0%         1d11      100%        5
 Manifold Assault         Tloc           0%         N/A       100%        5
 Silence                  Hex/Air        0%         N/A       100%        5
 Summon Mana Viper        Hex/Summ       0%         N/A       100%        5
 Yara's Violent Unravell  Hex/Tmut       0%         3d3       100%        5
 Conjure Ball Lightning   Conj/Air       0%         3x3d6     100%        6
 Death Channel            Necr           0%         N/A       100%        6
 Dispersal                Tloc           0%         N/A       100%        6
 Eringya's Noxious Bog    Tmut/Pois      0%         N/A       100%        6
 Iron Shot                Conj/Erth      0%         9d1       100%        6
 Simulacrum               Ice/Necr       0%         N/A       100%        6
 Starburst                Conj/Fire      0%         6d3       100%        6
 Statue Form              Tmut/Erth      0%         N/A       100%        6
 Dragon Form              Tmut           0%         N/A       100%        7
 Enfeeble                 Hex            0%         N/A       100%        7
 Haunt                    Necr/Summ      0%         N/A       100%        7
 Spellforged Servitor     Conj/Summ      0%         N/A       100%        7
 Storm Form               Tmut/Air       0%         N/A       100%        7
 Discord                  Hex            0%         N/A       100%        8
 Disjunction              Tloc           0%         N/A       100%        8
 Ignition                 Fire           0%         3d3       100%        8
 Lehudib's Crystal Spear  Conj/Erth      0%         10d2      100%        8
 Maxwell's Capacitive Co  Air            0%         ∞         100%        8
 Necromutation            Tmut/Necr      0%         N/A       100%        8


Dungeon Overview and Level Annotations

Branches:
Dungeon (15/15)            Temple (1/1) D:5            Lair (5/5) D:8
  Swamp (4/4) Lair:3        Snake (4/4) Lair:3        Slime (5/5) Lair:4
    Orc (2/2) D:12            Elf (3/3) Orc:2        Vaults (5/5) D:14
  Crypt (3/3) Vaults:3       Tomb (0/3) Crypt:3      Depths (4/4) D:15
   Hell (visited)             Dis (4/7) Hell            Geh (0/7) Hell
    Coc (0/7) Hell            Tar (6/7) Hell            Zot (5/5) Depths:4
  IceCv (visited)         Volcano (visited)          WizLab (visited)
Gauntlet (visited)

Altars:
Ashenzari
Cheibriados
Dithmenos
Elyvilon
Fedhas
Gozag
Hepliaklqana
Kikubaaqudgha
Makhleb
Nemelex Xobeh
Okawaru
Qazlal
Ru
Sif Muna
Trog
Uskayaw
Vehumet
Wu Jian
Xom
Yredelemnul
Zin
The Shining One
Jiyva
Lugonu

Shops:
D:2 :   Orc:2 [!*=   Elf:3 (   Snake:3 *!!   Vaults:1 [   Vaults:4 [
Vaults:5 ???   Depths:1 (

Portals:
Hell: Depths:1 Depths:2 Depths:3* Depths:4
Abyss: Lair:5 Depths:3
Pandemonium: Depths:2 Depths:3
Ziggurat: Depths:1

Annotations:
Snake:3 1 runed translucent door, Mimusiah's ghost, adept HOFi
Elf:2 3 runed translucent doors


Innate Abilities, Weirdness & Mutations

You have a pair of horns on your head.
You reflexively headbutt those who attack you in melee.
You occasionally lose the ability to read scrolls when taking damage.


Message History

The crystal echidna bites you but does no damage.
The iron giant hits you with a +0 giant club!
You slice the crystal echidna!!
You destroy the crystal echidna!
You slice the iron golem!! You cut the iron giant into ribbons!!!
The iron golem closely misses you. The iron golem barely misses you.
You carve the iron giant like a ham!!!
The iron giant is almost dead.
You slash the iron golem!
The iron giant hits you with a +0 giant club!!!
You feel threatened and lose the ability to read scrolls!
The iron golem hits you but does no damage.
The iron golem hits you!
* * * LOW HITPOINT WARNING * * *
You hit the iron giant.
You headbutt the iron giant, but do no damage.
The iron giant is almost dead.
You slash the iron golem!
The iron giant gestures at you while chanting.
The iron shot hits you!!!
* * * LOW HITPOINT WARNING * * *
You cannot read scrolls in your current state!
You feel much better. The iron golem misses you. You furiously retaliate!
You headbutt the iron golem, but do no damage.
The iron golem hits you!
* * * LOW HITPOINT WARNING * * *
The iron giant casts a spell at you. The iron shot hits you!!
* * * LOW HITPOINT WARNING * * *
The iron giant attacks as you move away!
The iron giant hits you but does no damage.
The iron golem hits you but does no damage.
The iron golem completely misses you.
The iron giant attacks as you move away!
The iron giant hits you with a +0 giant club.
* * * LOW HITPOINT WARNING * * *
The iron golem hits you but does no damage. x2
The iron giant attacks as you move away!
The iron giant hits you with a +0 giant club!!!
You die...

####### .
#.....#
..##.....#
.......∩.#
....9..@.#
..##..9C.#
#..)..# #...)†#
#........
..'..........
..#..........#
..##.....##...#
#.....# ##.#


You could see 2 iron golems and an iron giant.

Vanquished Creatures
  Dissolution (Slime:2)
  the Royal Jelly (Slime:5)
  8 ancient liches
  4 orbs of fire
  2 dread liches
  Mennas (Vaults:4)
  Sojobo (Depths:1)
  Bai Suzhen (Crypt:3)
  12 Killer Klowns (Zot:5)
  A curse toe (Zot:5)
  The ghost of Zivuv the Executioner, a veteran FoFi of Dithmenos (Crypt:1)
  6 caustic shrikes
  Geryon (Hell)
  A caustic shrike (shapeshifter) (Zot:4)
  11 golden dragons
  6 bone dragons
  A mutant beast (WizLab)
  An iron giant (Dis:2)
  5 Tzitzimimeh
  5 electric golems
  5 doom hounds
  17 tentacled monstrosities
  Mlioglotl (Snake:4)
  7 liches
  Rupert (D:13)
  6 Hell Sentinels
  8 tainted leviathans
  25 Orb Guardians (Zot:5)
  A walking frostbound tome (Depths:3)
  7 quicksilver dragons
  A walking earthen tome (Depths:3)
  Grunn (Zot:1)
  8 deep elf blademasters
  8 deep elf master archers
  13 acid blobs
  4 tentacled starspawn
  17 titans
  20 ancient champions
  9 death cobs
  A sphinx (shapeshifter) (Depths:3)
  Kirke (Lair:3)
  3 sphinxes
  12 shadow dragons
  19 storm dragons
  7 tengu reavers
  A thorn hunter (Swamp:3)
  13 draconian monks
  Roxanne (Snake:4)
  A fenstrider witch (Swamp:2)
  20 frost giants
  11 rockslimes
  4 revenants
  18 nagarajas
  10 azure jellies
  8 deep elf sorcerers
  16 vault wardens
  3 draconian knights
  Louise (Snake:4)
  15 fire giants
  8 iron dragons
  2 spectral caustic shrikes
  5 curse skulls
  A balrug (Zot:4)
  6 draconian scorchers
  3 spectral juggernauts
  A juggernaut zombie (Depths:2)
  Aizul (Snake:4)
  A deep elf elementalist (Elf:3)
  3 draconian stormcallers
  3 draconian annihilators
  8 draconian shifters
  A caustic shrike zombie (Depths:1)
  2 ghouls (Crypt:2)
  18 war gargoyles
  31 stone giants
  5 quicksilver oozes
  14 ironbound preservers
  10 reapers
  A spriggan defender (Depths:1)
  38 very ugly things
  16 green draconians
  A broodmother (shapeshifter) (Zot:4)
  5 ironbound thunderhulks
  10 vampire knights
  15 purple draconians
  13 deep elf annihilators
  An entropy weaver (Vaults:3)
  5 deep elf demonologists
  Azrael (Elf:2)
  10 white draconians
  6 eleionomae
  16 yellow draconians
  A yellow draconian (shapeshifter) (Zot:4)
  6 spark wasps
  17 red draconians
  3 dire elephants (Vaults:2)
  2 white draconians (shapeshifter) (Zot:4)
  A purple draconian (shapeshifter) (Zot:4)
  2 spectral titans
  A minotaur (Gauntlet)
  9 putrid mouths
  22 black draconians
  3 bunyips
  9 eidola
  An entropy weaver (shapeshifter) (Zot:4)
  10 deep elf death magi
  5 crystal guardians
  6 ettins
  Snorg (D:10)
  9 deep elf high priests
  A blizzard demon (Hell)
  A fire dragon (shapeshifter) (Vaults:5)
  Josephine (D:15)
  7 fire dragons
  A spectral fenstrider witch (Tar:1)
  5 spectral spriggans
  11 great orbs of eyes
  6 jiangshi
  35 vault guards
  A shambling mangrove (Swamp:3)
  Harold (D:9)
  4 salamander tyrants
  4 boulder beetles
  11 yaktaur captains
  6 ice dragons
  3 hell beasts
  4 spriggan air magi
  4 catoblepae
  A juggernaut simulacrum (Depths:2)
  6 rakshasas
  11 ironbound frosthearts
  5 peacekeepers
  11 hydras
  6 anacondas
  7 centaur warriors
  3 two-headed ogres
  A spriggan skeleton (Crypt:3)
  A spectral stone giant (Tar:5)
  4 death knights
  A radroach (shapeshifter) (Vaults:5)
  2 death yaks
  8 deep troll shamans
  19 naga warriors
  18 alligators
  A death yak (shapeshifter) (Vaults:5)
  14 hell hogs
  The ghost of capslocke the Eclecticist, a journeyman SpVM of Hepliaklqana (Lair:3)
  5 tengu warriors
  2 titan zombies
  An azure jelly zombie (Crypt:2)
  6 naga sharpshooters
  20 dancing weapons
  7 spriggan berserkers
  3 spectral dire elephants
  10 thrashing horrors
  6 deep troll earth magi
  5 vampire magi
  Urug (D:14)
  9 sun demons
  7 orc high priests
  6 shock serpents
  7 hell knights
  Nergalle (D:10)
  5 iron trolls
  3 wretched stars (Abyss:3)
  22 deep elf knights
  7 soul eaters
  6 sea snakes
  2 spectral catoblepas (Lair:3)
  5 crystal echidnas
  A sea snake (shapeshifter) (WizLab)
  22 skeletal warriors
  8 salamander mystics
  A storm dragon zombie (Depths:2)
  A fire crab (shapeshifter) (WizLab)
  A spark wasp zombie (Depths:1)
  5 shadow wraiths
  3 sixfirhies
  An iron giant zombie (Crypt:1)
  A shadow demon (Depths:3)
  6 spriggan druids
  A steelbarb worm (shapeshifter) (WizLab)
  A spectral anaconda (Tar:5)
  5 flayed ghosts
  A deep troll (shapeshifter) (WizLab)
  2 orb spiders (Zot:4)
  2 bunyip skeletons
  12 starcursed masses (Abyss:3)
  8 wizards
  An elf simulacrum (Hell)
  2 bog bodies (Swamp:3)
  52 deep trolls
  A shadow dragon zombie (Depths:2)
  10 lindwurms
  2 glowing orange brains
  16 orc knights
  19 deep elf archers
  3 harpies (shapeshifter)
  14 ironbound convokers
  2 anaconda skeletons
  7 naga ritualists
  A golden dragon skeleton (Vaults:5)
  A lindwurm (shapeshifter) (WizLab)
  2 sphinx zombies (Depths:2)
  A tengu zombie (Depths:2)
  29 deep elf zephyrmancers
  10 phantasmal warriors
  24 deep elf pyromancers
  10 mana vipers
  A shining eye (shapeshifter) (WizLab)
  13 necromancers
  2 manticores (D:12)
  5 will-o-the-wisps
  6 cyclopes
  A worldbinder (Abyss:3)
  57 ugly things
  A wolf spider (D:12)
  A salamander (shapeshifter) (WizLab)
  A spectral ettin (Tar:4)
  18 large abominations
  24 salamanders
  2 ice statues (IceCv)
  2 dire elephant zombies
  4 shining eyes
  28 moths of wrath
  Joseph (D:7)
  2 fire giant skeletons
  A naga zombie (Hell)
  6 elephants (Lair:5)
  2 guardian serpents (shapeshifter) (WizLab)
  26 black mambas
  2 torpor snails
  18 naga magi
  18 vault sentinels
  7 guardian serpents
  3 eyes of devastation
  2 cane toads (shapeshifter) (WizLab)
  A centaur zombie (Crypt:3)
  11 cane toads
  2 molten gargoyles (Hell)
  2 orange demons
  11 smoke demons
  8 hellions
  3 gargoyles
  2 yaktaur zombies
  An unseen horror (shapeshifter) (WizLab)
  A pale draconian zombie (Crypt:1)
  4 tormentors
  An alligator snapping turtle zombie (Crypt:1)
  2 human zombies
  An elf (WizLab)
  A demonic crawler (Hell)
  3 rime drakes
  2 tengu conjurers
  2 yaktaur skeletons (Vaults:3)
  9 freezing wraiths
  9 komodo dragons
  A hellwing (Depths:3)
  23 yaktaurs
  A minotaur skeleton (Crypt:2)
  4 spectral harpies
  3 ice devils
  4 ancient zymes
  3 red devils (Depths:3)
  3 polar bears (Lair:5)
  A yaktaur (shapeshifter) (WizLab)
  A queen bee (Abyss:3)
  A meliai (shapeshifter) (Depths:3)
  A spectral naga (Tar:1)
  3 harpy zombies
  19 hornets
  2 hydra zombies (Hell)
  A polar bear (shapeshifter) (WizLab)
  A mana viper skeleton (Crypt:1)
  A hydra skeleton (Crypt:3)
  An alligator zombie (Hell)
  A queen bee (shapeshifter) (WizLab)
  6 trolls
  9 tyrant leeches
  8 meliai
  A tarantella (shapeshifter) (D:15)
  77 slime creatures
  An ettin zombie (Crypt:3)
  6 raiju
  24 blink frogs
  3 raiju (shapeshifter) (WizLab)
  A fire dragon zombie (Crypt:3)
  A boulder beetle zombie (Crypt:2)
  7 dream sheep
  Sigmund (D:5)
  3 air elementals
  37 flying skulls
  A jumping spider (shapeshifter) (WizLab)
  2 shadows
  A vampire (Abyss:3)
  17 spriggans
  7 water elementals
  3 ynoxinuls (Lair:5)
  13 wraiths
  A yak (shapeshifter) (WizLab)
  35 yaks
  3 wyverns (shapeshifter) (WizLab)
  An elf zombie (Vaults:3)
  A golden eye (shapeshifter) (WizLab)
  6 golden eyes (Slime:4)
  4 hogs (shapeshifter)
  4 wyverns
  A neqoxec (Abyss:3)
  7 hogs
  3 fire bats (Abyss:2)
  9 basilisks
  4 fire elementals
  17 humans
  5 steam dragons
  3 swamp worm simulacra (Swamp:4)
  5 iron golems
  3 chaos spawn
  9 vampire mosquitoes
  5 wargs
  43 nagas
  A fire bat zombie (Crypt:1)
  15 swamp worms
  A glowing shapeshifter zombie (Vaults:5)
  15 hydra simulacra
  4 acid dragons
  A floating eye (shapeshifter) (WizLab)
  5 floating eyes
  12 water moccasins
  10 hell hounds
  A two-headed ogre skeleton (Crypt:2)
  2 swamp drakes
  A human skeleton (Depths:1)
  A manticore zombie (Crypt:2)
  42 orc warriors
  A floating eye zombie (Depths:1)
  2 great orb of eyes simulacra (IceCv)
  31 small abominations
  14 wolves
  6 ogres
  A boggart (Zot:4)
  14 centaurs
  2 slime creature simulacra (IceCv)
  A phantom (D:6)
  A kobold brigand (D:8)
  12 bullfrogs
  8 necrophages
  A scorpion (D:7)
  2 cane toad simulacra (Lair:3)
  A salamander skeleton (Crypt:1)
  7 earth elementals
  3 glowing shapeshifter simulacra (IceCv)
  An ogre simulacrum (Vaults:5)
  10 wights
  11 killer bees (D:10)
  An electric eel (Lair:5)
  2 howler monkeys
  A komodo dragon simulacrum (Lair:3)
  A wolf skeleton (Crypt:2)
  4 hounds
  Crazy Yiuf (D:3)
  4 jellies
  4 gnoll boudas
  32 orc priests
  A basilisk skeleton (Crypt:2)
  An iron imp (Abyss:3)
  11 iguanas
  23 orc wizards
  4 shapeshifter simulacra (IceCv)
  7 hell rats (Hell)
  5 lightning spires (Zot:2)
  2 naga skeletons
  A howler monkey skeleton (Crypt:1)
  18 gnolls
  8 adders
  2 white imps
  An ufetubus (D:5)
  5 swamp drake simulacra (Swamp:4)
  A lava snake zombie (Crypt:2)
  2 worms
  A dart slug (D:3)
  108 orcs
  9 ball pythons
  6 endoplasms
  8 giant cockroaches
  7 goblins
  7 hobgoblins
  10 kobolds
  6 quokkas
  5 bats
  3 frilled lizards
  7 rats
  10 briar patches (Swamp:3)
  A butterfly (Zot:4)
  A fungus (Lair:5)
  2 lurking horrors (Abyss:3)
  5 starspawn tentacles (Abyss:3)
2805 creatures vanquished.

Vanquished Creatures (collateral kills)
  A hellion (Tar:6)
1 creature vanquished.

Vanquished Creatures (others)
  A Hell Sentinel (Dis:2)
  A draconian knight (Zot:4)
  A draconian shifter (Zot:2)
  A black draconian (Zot:2)
  A deep elf archer (Crypt:2)
  2 bloated husks (Swamp:1)
  A boggart (Zot:4)
  5 ball lightnings (Zot:2)
  2 bushes (Lair:5)
  A butterfly (D:9)
  14 foxfires
  33 fungi
  A lurking horror (Abyss:2)
  35 plants
  7 starspawn tentacles
106 creatures vanquished.

Grand Total: 2912 creatures vanquished

Notes
Turn   | Place    | Note
-------+----------+-------------------------------------------
     0 | D:5      | ragingrage the Minotaur Delver began the quest for the Orb.
     0 | D:5      | Reached XP level 1. HP: 19/19 MP: 0/0
    27 | Temple   | Entered the Ecumenical Temple
   218 | D:4      | Reached XP level 2. HP: 23/26 MP: 1/1
   239 | D:4      | Reached XP level 3. HP: 25/31 MP: 2/2
   351 | D:4      | Reached skill level 5 in Axes
   351 | D:4      | Reached XP level 4. HP: 33/39 MP: 3/3
   404 | D:4      | Reached XP level 5. HP: 15/45 MP: 4/4
  2016 | D:2      | Found Ysynymul's Book Shoppe.
  2144 | D:2      | Reached XP level 6. HP: 42/51 MP: 5/5
  2592 | D:3      | Found a runed translucent door.
  2593 | D:3      | Noticed Crazy Yiuf
  3028 | D:3      | Found a faded altar of an unknown god.
  4260 | D:4      | Reached XP level 7. HP: 41/57 MP: 6/6
  4442 | D:5      | Noticed Sigmund
  4449 | D:5      | Killed Sigmund
  4450 | D:5      | Reached skill level 10 in Axes
  4965 | D:5      | Found a blossoming altar of Fedhas.
  5735 | D:6      | Noticed a steam dragon
  5745 | D:6      | Killed a steam dragon
  5746 | D:6      | Reached XP level 8. HP: 64/64 MP: 7/7
  6454 | D:6      | Found a radiant altar of Vehumet.
  6893 | D:6      | Found a sparkling altar of Nemelex Xobeh.
  7234 | D:7      | Noticed Joseph
  7239 | D:7      | Killed Joseph
  7240 | D:7      | Reached XP level 9. HP: 70/70 MP: 8/8
  7451 | D:7      | Identified the +8 hand axe of Ruoff {flame, Drain rCorr
                  | Int+8}
  7519 | D:7      | Reached skill level 15 in Axes
  8477 | D:8      | Found a staircase to the Lair.
  9156 | D:8      | Found a shadowy altar of Dithmenos.
  9250 | D:8      | Noticed a two-headed ogre
  9261 | D:8      | Killed a two-headed ogre
  9262 | D:8      | Reached XP level 10. HP: 48/77 MP: 9/9
 10139 | D:9      | Noticed Maggie
 10140 | D:9      | Noticed Maggie
 10140 | D:9      | Maggie changed into Maggie the ogre
 10144 | D:9      | Killed Maggie the ogre
 10177 | D:9      | Found a glowing silver altar of Zin.
 10222 | D:9      | Found an iron altar of Okawaru.
 10266 | D:9      | Became a worshipper of Warmaster Okawaru
 10360 | D:9      | Found a white marble altar of Elyvilon.
 10379 | D:9      | Noticed Harold
 10504 | D:9      | Killed Harold
 10504 | D:9      | Reached * piety under Okawaru
 10690 | D:9      | Noticed a two-headed ogre
 10700 | D:9      | Killed a two-headed ogre
 10968 | D:10     | Entered Level 10 of the Dungeon
 10968 | D:10     | Noticed Sonja
 10969 | D:10     | Noticed Sonja
 10969 | D:10     | Sonja changed into Sonja the hog
 10973 | D:10     | Killed Sonja the hog
 11019 | D:10     | Noticed a two-headed ogre
 11029 | D:10     | Killed a two-headed ogre
 11109 | D:10     | Noticed Nergalle
 11115 | D:10     | Killed Nergalle
 11115 | D:10     | Reached ** piety under Okawaru
 11149 | D:10     | Reached XP level 11. HP: 82/82 MP: 10/10
 11339 | D:10     | Noticed Snorg
 11352 | D:10     | Killed Snorg
 11352 | D:10     | Reached *** piety under Okawaru
 11353 | D:10     | Reached skill level 1 in Throwing
 12302 | D:11     | Noticed a green ugly thing
 12353 | D:11     | Killed a green ugly thing
 12353 | D:11     | Received a gift from Okawaru
 12535 | D:11     | Reached skill level 5 in Fighting
 12839 | D:11     | You fall into a shaft and drop 3 floors!
 12867 | D:14     | Noticed Rupert
 12882 | D:14     | Identified 2 scrolls of acquirement
 12883 | D:14     | Acquired a +4 executioner's axe of electrocution
 12895 | D:15     | Entered Level 15 of the Dungeon
 12901 | D:15     | Noticed a red ugly thing
 12911 | D:15     | Killed a red ugly thing
 12978 | D:15     | Noticed a red ugly thing
 12978 | D:15     | Noticed a red ugly thing
 12978 | D:15     | Noticed a wizard
 12985 | D:15     | Noticed a red ugly thing
 12986 | D:15     | Noticed a red ugly thing
 12992 | D:15     | Killed a red ugly thing
 13000 | D:15     | Killed a red ugly thing
 13000 | D:15     | Reached **** piety under Okawaru
 13000 | Abyss:2  | Cast into level 2 of the Abyss (a wizard)
 13032 | Abyss:2  | Noticed a large abomination
 13187 | Abyss:2  | Noticed a tentacled starspawn
 13200 | Abyss:2  | Killed a tentacled starspawn
 13209 | Abyss:2  | Noticed a thrashing horror
 13226 | Abyss:2  | Killed a thrashing horror
 13226 | Abyss:2  | Reached ***** piety under Okawaru
 13228 | Abyss:2  | Noticed a green draconian monk
 13314 | Abyss:2  | Reached skill level 5 in Throwing
 13315 | Abyss:2  | Noticed a large abomination
 13324 | Abyss:2  | Killed a large abomination
 13328 | Abyss:2  | Noticed a starcursed mass
 13330 | D:15     | Escaped the Abyss
 13330 | D:15     | Noticed a red ugly thing
 13440 | D:14     | Noticed a centaur warrior
 13440 | D:14     | Noticed Urug
 13440 | D:14     | Found a gate to the Vaults.
 13449 | D:13     | Received a gift from Okawaru
 13518 | D:12     | Noticed a centaur warrior
 13534 | D:13     | Reached XP level 12. HP: 54/100 MP: 11/11
 13759 | D:13     | Noticed a boulder beetle
 13803 | D:13     | Killed a boulder beetle
 14010 | D:13     | Noticed a boulder beetle
 14023 | D:13     | Killed a boulder beetle
 14256 | D:13     | Noticed a centaur warrior
 14266 | D:13     | Killed a centaur warrior
 14284 | D:13     | Upgraded the game from 0.29-a0-1016-g236c7fd91e to
                  | 0.29-a0-1019-g84f7d21838
 14764 | D:13     | Acquired the ring of Past Mistakes {Will+ EV+4 Int+2}
 14987 | D:13     | Reached skill level 1 in Armour
 15142 | D:13     | Reached skill level 1 in Invocations
 15270 | D:12     | Killed a centaur warrior
 15429 | D:12     | Reached ****** piety under Okawaru
 15477 | D:12     | Identified the +1 kite shield "Feobebe" {Dex+4 Stlth+}
                  | (Okawaru gifted it to you on level 12 of the Dungeon)
 15477 | D:12     | Received a gift from Okawaru
 15574 | D:12     | Found a staircase to the Orcish Mines.
 16013 | D:12     | Noticed a death knight
 16053 | D:13     | HP: 5/103 [freezing wraith (10)]
 16567 | Lair:1   | Entered Level 1 of the Lair of Beasts
 17148 | Lair:1   | Found a frozen archway.
 17152 | IceCv    | Entered an ice cave
 17284 | IceCv    | Reached XP level 13. HP: 111/111 MP: 14/14
 18206 | IceCv    | Reached skill level 5 in Armour
 18211 | IceCv    | Identified the +1 robe of Creativity {Drain rN+ MP+9 Str+3}
                  | (Okawaru gifted it to you in an ice cave)
 18211 | IceCv    | Received a gift from Okawaru
 18360 | IceCv    | Noticed a quicksilver ooze
 18635 | Lair:1   | Reached skill level 10 in Fighting
 18635 | Lair:1   | Reached skill level 5 in Invocations
 18635 | Lair:1   | Reached XP level 14. HP: 121/121 MP: 15/17
 18937 | Lair:2   | Found a dark tunnel.
 18972 | Volcano  | Entered a volcano
 19033 | Volcano  | Found a burning altar of Makhleb.
 19991 | Lair:2   | You fall into a shaft and drop 2 floors!
 20004 | Lair:4   | Found a staircase to the Slime Pits.
 20586 | Lair:3   | Found a staircase to the Snake Pit.
 20793 | Lair:3   | Found a runed translucent gate.
 20793 | Lair:3   | Found a runed translucent gate.
 20793 | Lair:3   | Found a runed translucent gate.
 20832 | Lair:3   | Noticed capslocke's ghost (journeyman SpVM)
 20996 | Lair:3   | Noticed Kirke
 21014 | Lair:3   | Killed Kirke
 21014 | Lair:3   | Identified the +7 war axe "Roxyeq" {speed, Int+2} (Okawaru
                  | gifted it to you on level 3 of the Lair of Beasts)
 21014 | Lair:3   | Received a gift from Okawaru
 21015 | Lair:3   | Reached skill level 10 in Armour
 21306 | Lair:3   | Found a staircase to the Swamp.
 22529 | Lair:5   | Entered Level 5 of the Lair of Beasts
 22681 | Lair:5   | Reached XP level 15. HP: 49/128 MP: 18/18
 23064 | Lair:5   | Received a gift from Okawaru
 23449 | Lair:5   | Received a gift from Okawaru
 23482 | Lair:5   | Reached skill level 5 in Dodging
 24109 | Lair:5   | Found a corrupted altar of Lugonu.
 24109 | Lair:5   | Found a one-way gate to the infinite horrors of the Abyss.
 24266 | Lair:5   | Received a gift from Okawaru
 24916 | D:3      | Killed Crazy Yiuf
 25584 | D:12     | Received a gift from Okawaru
 25616 | D:12     | Received a gift from Okawaru
 25927 | D:12     | Identified the ring of Moral Flaws {Ice *Corrode rElec
                  | Int+6 Dex-3}
 26053 | D:13     | Killed Rupert
 26671 | D:14     | Killed Urug
 27347 | D:14     | Reached XP level 16. HP: 99/141 MP: 15/21
 27566 | Orc:1    | Entered Level 1 of the Orcish Mines
 27676 | Orc:2    | Entered Level 2 of the Orcish Mines
 27711 | Orc:2    | Found a gate leading to a gauntlet.
 27735 | Gauntlet | Entered a Gauntlet
 27735 | Gauntlet | Found a transporter.
 27735 | Gauntlet | Found a transporter.
 27739 | Gauntlet | Found a transporter.
 27739 | Gauntlet | Found a transporter.
 27743 | Gauntlet | Found a transporter.
 27743 | Gauntlet | Found a transporter.
 27854 | Gauntlet | Found a transporter.
 27858 | Gauntlet | Found a transporter.
 27872 | Gauntlet | Found a transporter.
 27887 | Gauntlet | Found a runed translucent door.
 27889 | Gauntlet | Found a transporter.
 27891 | Gauntlet | Found a runed translucent door.
 27904 | Gauntlet | Found a transporter.
 27908 | Gauntlet | Found a transporter.
 28129 | Gauntlet | Identified the amulet "Raebuar" {Acrobat rF+}
 28131 | Gauntlet | Got Cigotuvi's Handbook of Stolen Souls
 28153 | Gauntlet | Identified the +4 scale mail of Resonance {Rampage}
 28438 | Orc:1    | Received a gift from Okawaru
 28743 | Orc:2    | Found a staircase to the Elven Halls.
 30091 | Orc:2    | Identified the +5 ring mail of Love and Death {Contam rN+
                  | Dex+6} (Okawaru gifted it to you on level 2 of the Orcish
                  | Mines)
 30091 | Orc:2    | Received a gift from Okawaru
 30332 | Orc:2    | Found Jodedeir's Distillery.
 30332 | Orc:2    | Found Faneh's Antique Armour Shoppe.
 30333 | Orc:2    | Found Ygoh's Jewellery Shoppe.
 30333 | Orc:2    | Found Hobuqoipp's General Store.
 30340 | Orc:2    | Bought a potion of curing for 45 gold pieces
 30340 | Orc:2    | Bought a potion of curing for 45 gold pieces
 30340 | Orc:2    | Bought a potion of haste for 150 gold pieces
 30340 | Orc:2    | Bought 2 potions of curing for 90 gold pieces
 30344 | Orc:2    | Bought a fading chain mail for 256 gold pieces
 30344 | Orc:2    | Identified the +1 chain mail of the Centipede {Dex+7} (You
                  | bought it in a shop on level 2 of the Orcish Mines)
 30346 | Orc:2    | Bought the +3 pair of mountain boots {steadfast, rC+} for
                  | 904 gold pieces
 30346 | Orc:2    | Found the +3 pair of mountain boots {steadfast, rC+}
 30608 | D:15     | Reached skill level 10 in Throwing
 31265 | D:15     | Found a staircase to the Depths.
 31320 | D:15     | Noticed Josephine
 31332 | D:15     | Killed Josephine
 32179 | Lair:3   | Killed capslocke's ghost
 32333 | Snake:1  | Entered Level 1 of the Snake Pit
 34040 | Snake:2  | Received a gift from Okawaru
 34350 | Snake:2  | Reached XP level 17. HP: 131/154 MP: 19/22
 34357 | Snake:2  | Reached skill level 15 in Fighting
 34620 | Snake:2  | Reached skill level 15 in Armour
 36595 | Snake:3  | Identified the +2 cloak of Incorporation {Drain rPois
                  | Regen+ Dex+5} (Okawaru gifted it to you on level 3 of the
                  | Snake Pit)
 36595 | Snake:3  | Received a gift from Okawaru
 37096 | Snake:3  | Found Vogru's General Store.
 37098 | Snake:3  | Found Tosun's Distillery.
 37100 | Snake:3  | Found Megeryk's Distillery.
 37104 | Snake:3  | Bought a wand of roots (2) for 96 gold pieces
 37108 | Snake:3  | Bought a potion of heal wounds for 75 gold pieces
 37509 | Snake:3  | Found a runed translucent door.
 37514 | Snake:3  | Noticed Mimusiah's ghost (adept HOFi)
 37771 | Snake:4  | Entered Level 4 of the Snake Pit
 37820 | Snake:4  | Identified Roxanne's Codex of Sculpting
 37820 | Snake:4  | Noticed Roxanne
 37842 | Snake:4  | Killed Roxanne
 38288 | Snake:4  | Noticed Mlioglotl
 38301 | Snake:4  | Killed Mlioglotl
 38643 | Snake:4  | Noticed Louise
 38653 | Snake:4  | Killed Louise
 38731 | Snake:4  | Received a gift from Okawaru
 38913 | Snake:4  | Received a gift from Okawaru
 38914 | Snake:4  | Reached XP level 18. HP: 103/169 MP: 15/23
 39081 | Snake:4  | Noticed Aizul
 39093 | Snake:4  | Killed Aizul
 39539 | Snake:4  | Got a serpentine rune of Zot
 39703 | Swamp:1  | Entered Level 1 of the Swamp
 40039 | Swamp:1  | Identified the +11 dagger of the Imbibing Seeker {freeze,
                  | Fly}
 40734 | Swamp:2  | Received a gift from Okawaru
 41022 | Swamp:3  | Found the +8 Wrath of Trog {antimagic, *Rage Rampage}
 41090 | Swamp:3  | Reached skill level 15 in Throwing
 41098 | Swamp:3  | Paralysed by a hornet for 2 turns
 41662 | Swamp:4  | Entered Level 4 of the Swamp
 42561 | Swamp:4  | Got a decaying rune of Zot
 42905 | Elf:1    | Entered Level 1 of the Elven Halls
 43018 | Elf:1    | Reached XP level 19. HP: 135/184 MP: 17/24
 43244 | Elf:1    | Received a gift from Okawaru
 43294 | Elf:1    | Identified the +3 pair of gloves of Unreason {rC++}
 43326 | Elf:1    | Reached skill level 1 in Evocations
 43327 | Elf:1    | Paralysed by an air elemental for 1 turns
 44045 | Elf:2    | Received a gift from Okawaru
 44062 | Elf:2    | Found a runed translucent gate.
 44063 | Elf:2    | Found a runed translucent gate.
 44063 | Elf:2    | Found a runed translucent gate.
 44104 | Elf:2    | Paralysed by an air elemental for 1 turns
 44214 | Elf:2    | Noticed Azrael
 44313 | Elf:2    | Killed Azrael
 44313 | Elf:2    | Identified the -1 kite shield of Perpetual Drought {Dex+3}
                  | (Okawaru gifted it to you on level 2 of the Elven Halls)
 44313 | Elf:2    | Received a gift from Okawaru
 44661 | Elf:3    | Entered Level 3 of the Elven Halls
 44680 | Elf:3    | Found Tiopsoimn's Weapon Boutique.
 45166 | Abyss:3  | Cast into level 3 of the Abyss (a deep elf sorcerer)
 45179 | Abyss:3  | Noticed a bone dragon
 45193 | Abyss:3  | Killed a bone dragon
 45251 | Abyss:3  | Reached skill level 10 in Dodging
 45311 | Abyss:3  | Noticed a bone dragon
 45323 | Abyss:3  | Noticed a dread lich
 45331 | Abyss:3  | Killed a dread lich
 45332 | Abyss:3  | Reached skill level 10 in Invocations
 45396 | Elf:3    | Escaped the Abyss
 45719 | Elf:3    | Received a gift from Okawaru
 45726 | Elf:3    | Reached skill level 5 in Evocations
 45751 | Elf:3    | HP: 8/188 [ghostly deep elf blademaster/+2 rapier of venom
                  | (12)]
 46024 | Elf:3    | Reached XP level 20. HP: 178/198 MP: 19/26
 46322 | Elf:3    | Got Qutt's Cyclopedia of Meteoric Production
 46353 | Elf:3    | Got the Vademecum on Vitiation and the Lithosphere
 46384 | Elf:3    | Identified the +1 helmet of Gozag's Generosity {Str+2}
 46434 | Elf:3    | Identified the +9 shortbow of Focus {vorpal, rElec rCorr
                  | Str+2 Int-5}
 46711 | Orc:2    | Bought a scroll of enchant armour for 120 gold pieces
 46711 | Orc:2    | Bought 2 potions of attraction for 96 gold pieces
 47283 | Vaults:1 | Entered Level 1 of the Vaults
 47638 | Vaults:1 | Found Ynyt's Armour Boutique.
 49495 | Vaults:2 | Identified the +5 longbow "Viergh" {flame, SInv} (Okawaru
                  | gifted it to you on level 2 of the Vaults)
 49495 | Vaults:2 | Received a gift from Okawaru
 50164 | Vaults:3 | Found a magical portal.
 50169 | WizLab   | Entered Cigotuvi's Fleshworks
 50385 | WizLab   | Received a gift from Okawaru
 50389 | WizLab   | Got Sif Muna's Anthology of Sculpting
 50398 | WizLab   | Got Cigotuvi's Almanac of Ghastly Shapes
 50602 | WizLab   | Paralysed by a floating eye for 2 turns
 50632 | WizLab   | Paralysed by a floating eye for 4 turns
 50640 | WizLab   | Paralysed by a floating eye for 2 turns
 50687 | WizLab   | Identified the +0 plate armour of Immorality {rN+ Str+4}
                  | (Okawaru gifted it to you in a wizard's laboratory)
 50687 | WizLab   | Received a gift from Okawaru
 50747 | WizLab   | Found the -2 hat of the Alchemist {rElec rPois rF+ rC+ rN+
                  | Will+ rMut rCorr}
 51141 | Vaults:3 | Reached XP level 21. HP: 209/209 MP: 27/27
 51759 | Vaults:3 | Found a staircase to the Crypt.
 51790 | Vaults:3 | Identified the +1 rapier "Birus" {distort, rC+}
 52451 | Vaults:4 | Reached skill level 10 in Evocations
 52824 | Vaults:4 | Received a gift from Okawaru
 52966 | Vaults:4 | Reached XP level 22. HP: 223/223 MP: 28/28
 53019 | Vaults:4 | Found Jahoah's Armour Shop.
 53352 | Vaults:4 | Identified the +0 hat of Ybec {rCorr} (Okawaru gifted it to
                  | you on level 4 of the Vaults)
 53352 | Vaults:4 | Received a gift from Okawaru
 53826 | Depths:1 | Entered Level 1 of the Depths
 53858 | Depths:1 | Noticed a golden dragon
 53866 | Depths:1 | Killed a golden dragon
 54252 | Depths:1 | Found a one-way gateway to a ziggurat.
 54320 | Depths:1 | Noticed Sojobo
 54330 | Depths:1 | Killed Sojobo
 54387 | Depths:1 | Found a glowing golden altar of the Shining One.
 54498 | Depths:1 | Found a gateway to Hell.
 54594 | Depths:1 | Reached XP level 23. HP: 235/236 MP: 29/29
 54642 | Depths:1 | Found Luan's Antique Weapon Emporium.
 55015 | Depths:2 | Found a one-way gate leading to the halls of Pandemonium.
 55143 | Depths:2 | Identified the +8 flail of Qazlal's Pride {pain, rElec}
 55150 | Depths:1 | Received a gift from Okawaru
 55346 | Depths:2 | Paralysed by a floating eye for 2 turns
 55729 | Depths:2 | Received a gift from Okawaru
 55987 | Depths:2 | Identified the +7 rapier "Laludoe" {spect, Int+4 Dex+5
                  | SInv}
 56051 | Depths:2 | Found an ornate altar of the Wu Jian Council.
 57109 | Depths:3 | Reached skill level 27 in Fighting
 57116 | Depths:3 | Received a gift from Okawaru
 57258 | Depths:3 | Found a sacrificial altar of Ru.
 57400 | Depths:3 | Received a gift from Okawaru
 57420 | Depths:3 | Identified the ring "Suoqy" {Ice Str+2}
 57473 | Depths:3 | Identified the amulet of Mecoaz {RegenMP rC+ rN+}
 57478 | Depths:3 | Identified the ring "Ryram" {Drain rElec rPois rF- Str+6}
 57484 | Depths:3 | Identified the ring of Matz {*Corrode Dex+6 SInv Stlth+}
 57603 | Depths:4 | Entered Level 4 of the Depths
 57609 | Depths:4 | Found a shimmering altar of Xom.
 57612 | Depths:4 | Found a shimmering altar of Xom.
 58244 | Depths:4 | Noticed a caustic shrike
 58244 | Depths:4 | Noticed a caustic shrike
 58244 | Depths:4 | Noticed a caustic shrike
 58244 | Depths:4 | Noticed a caustic shrike
 58244 | Depths:4 | Noticed a caustic shrike
 58251 | Depths:4 | Killed a caustic shrike
 58255 | Depths:4 | Killed a caustic shrike
 58261 | Depths:4 | Killed a caustic shrike
 58262 | Depths:4 | Killed a caustic shrike
 58265 | Depths:4 | Killed a caustic shrike
 58266 | Depths:4 | Reached XP level 24. HP: 213/249 MP: 21/30
 58583 | Depths:4 | Found a gate to the Realm of Zot.
 59345 | Slime:1  | Entered Level 1 of the Pits of Slime
 59388 | Slime:2  | Noticed Dissolution
 59399 | Slime:2  | Killed Dissolution
 59399 | Slime:2  | Received a gift from Okawaru
 59416 | Slime:2  | Received a gift from Okawaru
 59508 | Slime:5  | Entered Level 5 of the Pits of Slime
 59529 | Slime:5  | Received a gift from Okawaru
 59871 | Slime:5  | Noticed the Royal Jelly
 60399 | Slime:5  | Found a viscous altar of Jiyva.
 60476 | Slime:5  | Killed the Royal Jelly
 60553 | Slime:5  | Got the Incunable of Captivating Death
 60558 | Slime:5  | Identified the +1 morningstar "Worm" {drain, rF+ rN+++
                  | Str+3 Int-4}
 60567 | Slime:5  | Acquired the ring of the Ego {rPois rC- Will++ AC+4 Slay+2}
 60570 | Slime:5  | Got the Treatise on the Chill
 60630 | Slime:5  | Identified the +5 arbalest of Grontol {elec, MP+9 Int+3}
 60636 | Slime:5  | Identified the +1 scale mail "Ykkysefe" {Rampage rF+ MP+9
                  | Str+3}
 60691 | Slime:5  | Acquired the +8 frozen axe "Frostbite" {freezing cloud,
                  | *Noise Fly rC+}
 60691 | Slime:5  | Found the +8 frozen axe "Frostbite" {freezing cloud, *Noise
                  | Fly rC+}
 60729 | Slime:5  | Identified the +11 war axe "Soluilat" {flame, *Noise rPois
                  | rCorr Str+8}
 60731 | Slime:5  | Got a slimy rune of Zot
 61026 | Lair:5   | Voluntarily entered the Abyss.
 61280 | Abyss:3  | Got an abyssal rune of Zot
 61283 | Abyss:3  | Received a gift from Okawaru
 61339 | Abyss:3  | Reached skill level 15 in Dodging
 61380 | Lair:5   | Escaped the Abyss
 61854 | Vaults:5 | Entered Level 5 of the Vaults
 61864 | Vaults:5 | Noticed Mennas
 61893 | Vaults:4 | Killed Mennas
 62113 | Vaults:5 | Received a gift from Okawaru
 62391 | Vaults:5 | Identified the +3 battleaxe "Ubuek" {antimagic, rPois
                  | Stlth+}
 62558 | Vaults:5 | Reached XP level 25. HP: 257/257 MP: 31/31
 62649 | Vaults:5 | Found the +10 morningstar "Eos" {elec, Halo rElec}
 62660 | Vaults:5 | Noticed a dread lich
 62677 | Vaults:5 | Killed a dread lich
 62815 | Vaults:5 | Identified the +2 falchion "Miptidiu" {flame, rPois}
 62832 | Vaults:5 | Found Ziodoom's Magic Scroll Emporium.
 62847 | Vaults:5 | Received a gift from Okawaru
 62853 | Vaults:5 | Noticed an ancient lich
 62864 | Vaults:5 | Killed an ancient lich
 63003 | Vaults:5 | Bought a scroll of teleportation for 60 gold pieces
 63070 | Vaults:5 | Noticed an ancient lich
 63090 | Vaults:5 | Killed an ancient lich
 63303 | Vaults:5 | Got a silver rune of Zot
 63353 | Vaults:5 | Found Lonef's Magic Scroll Emporium.
 63357 | Vaults:5 | Bought a scroll of teleportation for 57 gold pieces
 63357 | Vaults:5 | Bought a scroll of fear for 76 gold pieces
 63369 | Vaults:5 | Found Bofyrer's Magic Scroll Boutique.
 63373 | Vaults:5 | Bought a scroll of blinking for 172 gold pieces
 63373 | Vaults:5 | Bought a scroll of teleportation for 69 gold pieces
 63373 | Vaults:5 | Bought a scroll of teleportation for 69 gold pieces
 63373 | Vaults:5 | Bought a scroll of teleportation for 69 gold pieces
 63405 | Vaults:5 | Noticed an ancient lich
 63419 | Vaults:5 | Killed an ancient lich
 63464 | Vaults:5 | Identified the +10 arbalest of Cheibriados's Approval
                  | {elec, rF+ rCorr}
 63476 | Vaults:5 | Identified the +0 chain mail "Xohedwir" {rF+ MP-9 Int+2}
 63679 | Vaults:5 | Got the Compendium of Blasts and Stolen Souls
 63695 | Vaults:5 | Identified the +3 hand axe of Shrieking Terror {spect, rF-
                  | Will+ rCorr}
 63701 | Vaults:5 | Identified the +1 plate armour of the Cockroach {Int-3
                  | Dex+8}
 63703 | Vaults:5 | Got the Tome of Hindering Intoxication
 63714 | Vaults:5 | Identified the +3 dagger of Grand Gallantry {flame, rC+
                  | Str+2}
 64067 | Zot:1    | Entered Level 1 of the Realm of Zot
 64182 | Zot:1    | Received a gift from Okawaru
 64218 | Zot:1    | Reached skill level 15 in Evocations
 64228 | Zot:1    | Received a gift from Okawaru
 64241 | Zot:1    | Noticed Grunn
 64250 | Zot:1    | Killed Grunn
 64635 | Zot:1    | Noticed an orb of fire
 64644 | Zot:1    | Gained mutation: You occasionally lose the ability to read
                  | scrolls when taking damage. [an orb of fire]
 64648 | Zot:1    | Killed an orb of fire
 64671 | Zot:1    | Reached skill level 5 in Stealth
 65768 | Zot:2    | Reached XP level 26. HP: 243/266 MP: 29/31
 66296 | Zot:3    | Identified the +2 robe "Tungitte" {-Tele rPois rF+++}
                  | (Okawaru gifted it to you on level 3 of the Realm of Zot)
 66296 | Zot:3    | Received a gift from Okawaru
 66613 | Zot:3    | Acquired a manual of Throwing
 66782 | Zot:3    | Identified the +1 robe "Raush" {Dex-4 SInv Stlth+}
 67736 | Zot:4    | Noticed an orb of fire
 67753 | Zot:4    | Killed an orb of fire
 68133 | Zot:4    | Identified the +0 pair of gloves of the Beginning {rPois}
                  | (Okawaru gifted it to you on level 4 of the Realm of Zot)
 68133 | Zot:4    | Received a gift from Okawaru
 68757 | Zot:4    | Identified the +1 troll leather armour "Hanoiz" {rPois rN+
                  | Regen+ SInv Stlth+}
 68894 | Zot:5    | Entered Level 5 of the Realm of Zot
 69217 | Zot:5    | Reached skill level 10 in Stealth
 70403 | Zot:5    | Noticed an orb of fire
 70412 | Zot:5    | Noticed an ancient lich
 70415 | Zot:5    | Noticed an orb of fire
 70419 | Zot:5    | Killed an orb of fire
 70419 | Zot:5    | Noticed an ancient lich
 70421 | Zot:5    | Killed an ancient lich
 70422 | Zot:5    | Reached XP level 27. HP: 229/273 MP: 10/31
 70428 | Zot:5    | Killed an orb of fire
 70440 | Zot:5    | Killed an ancient lich
 70677 | Zot:5    | Identified the +9 plate armour of Tuatuud {Int+4} (Okawaru
                  | gifted it to you on level 5 of the Realm of Zot)
 70677 | Zot:5    | Received a gift from Okawaru
 71127 | Zot:5    | Noticed an ancient lich
 71138 | Zot:5    | Killed an ancient lich
 71139 | Zot:5    | Reached skill level 27 in Armour
 71270 | Zot:5    | Paralysed by a Zot trap for 2 turns
 71756 | Depths:1 | Fell from the grace of Okawaru
 71756 | Depths:1 | Became a worshipper of the Shining One
 71950 | Crypt:1  | Entered Level 1 of the Crypt
 71983 | Crypt:1  | Reached * piety under the Shining One
 72076 | Crypt:1  | Reached ** piety under the Shining One
 72378 | Crypt:1  | Reached *** piety under the Shining One
 73256 | Crypt:1  | Found a runed translucent gate.
 73256 | Crypt:1  | Found a runed translucent gate.
 73256 | Crypt:1  | Found a runed translucent gate.
 73637 | Crypt:1  | Noticed Zivuv's ghost (veteran FoFi)
 73649 | Crypt:1  | Killed Zivuv's ghost
 73763 | Crypt:2  | Found an ancient bone altar of Kikubaaqudgha.
 73776 | Crypt:2  | Reached **** piety under the Shining One
 74128 | Crypt:2  | Reached ***** piety under the Shining One
 74911 | Crypt:3  | Entered Level 3 of the Crypt
 74958 | Crypt:3  | Reached ****** piety under the Shining One
 75084 | Crypt:3  | Found a basalt altar of Yredelemnul.
 75084 | Crypt:3  | Noticed an ancient lich
 75090 | Crypt:3  | Killed an ancient lich
 75127 | Crypt:3  | Identified the +5 broad axe of Poverty {freeze, Int+2}
 75333 | Crypt:3  | Noticed Bai Suzhen
 75347 | Crypt:3  | Killed Bai Suzhen
 75492 | Crypt:3  | Found a staircase to the Tomb.
 75636 | Crypt:3  | Got Pythi's Codex of the Voyage and the Union
 76406 | Depths:1 | Identified a +9 executioner's axe of holy wrath (a +9
                  | executioner's axe of electrocution blessed by the Shining
                  | One)
 76406 | Depths:1 | Received a gift from the Shining One
 76408 | Hell     | Entered the Vestibule of Hell
 76408 | Hell     | Noticed Geryon
 76413 | Hell     | Identified the +2 tower shield "Cihorr" {-Tele rPois rC++
                  | Stlth+}
 76443 | Hell     | Killed Geryon
 76485 | Hell     | Found a gateway to the Iron City of Dis.
 76601 | Hell     | Found a gateway to the freezing wastes of Cocytus.
 76681 | Hell     | Found a gateway to the decaying netherworld of Tartarus.
 76696 | Hell     | Reached skill level 15 in Invocations
 76792 | Hell     | Found a gateway to the ashen valley of Gehenna.
 76925 | Tar:1    | Entered Level 1 of Tartarus
 77511 | Tar:3    | Reached skill level 1 in Ranged Weapons
 78482 | Tar:5    | Was forgiven by Okawaru
 78587 | Tar:6    | Noticed an ancient lich
 78879 | Dis:1    | Entered Level 1 of the Iron City of Dis
 79054 | Dis:1    | Reached skill level 5 in Ranged Weapons
 79056 | Dis:1    | Noticed an ancient lich
 79068 | Dis:1    | Killed an ancient lich
 79874 | Dis:4    | Mangled by an iron giant

Illustrated notes

Levels and vault maps discovered:
D:1:      minmay_arrival_cross, layout_basic
D:2:      layout_loops_cross, serial_shops, shop, amethyst_killhole,
          kennysheep_generic_room_2
D:3:      layout_loops_cross, chequers_ecumenical_altar_simple_redux,
          uniq_crazy_yiuf_cottage
D:4:      layout_basic, gup_sewer_entry_pipe, grunt_ministairs_4
D:5:      layout_rooms, lemuel_tele_altar, temple_fountains,
          kennysheep_cluttered_room, uniq_sigmund
D:6:      layout_gridville, kennysheep_mini, kennysheep_mini_moat,
          hangedman_decor_push, minmay_crystal_water
D:7:      layout_basic, enter_ossuary_5, lemuel_old_faithful, uniq_joseph
D:8:      layout_basic, mainiacjoe_overflow_24_doors,
          nicolae_overflow_hidden_temple, lair_entry_dummy
D:9:      layout_long_grid, zin_statuary, okawaru_metal_pillars_1_2,
          nicolae_elyvilon_peaceful_grove, uniq_harold, uniq_maggie
D:10:     layout_irregular_city, uniq_nergalle, uniq_sonja, uniq_snorg
D:11:     layout_loops_ring
D:12:     minmay_stepped, layout_cave_pools, david_orc_3, grunt_ministairs_14
D:13:     dreamdust_cave_troll, layout_loops_cross
D:14:     layout_roguey, david_vaults_3, special_room [special_room_orc]
D:15:     grunt_enter_depths_snipers, layout_gridville, serial_rivers,
          chequers_serial_rivers_room_b, chequers_serial_rivers_room_b,
          chequers_serial_rivers_micro_d, chequers_serial_rivers_micro_a,
          uniq_josephine, uniq_rupert
Temple:   nicolae_temple_ecumenical_triangle
Lair:1:   layout_loops_ring, portal_ice_cave_entry_pillars_1
Lair:2:   layout_roguey, nicolae_volcano_entry_lava_flow, serial_bayou_shore_b
Lair:3:   layout_gridlike, swamp_mist, minmay_snake_entry_spellcaster,
          gammafunk_ghost_necromancy, uniq_kirke
Lair:4:   layout_long_grid, slime_entry_1, hangedman_lair_generics_rect,
          serial_bayou_shore_b
Lair:5:   hellmonk_lair_end_abyssal_woods, layout_long_grid,
          infiniplex_staircase_pool, uniq_urug
Swamp:1:  layout_falls_marsh, evilmike_swamp_ruin_house_2
Swamp:2:  layout_basic_swamp, evilmike_swamp_ruin_wall
Swamp:3:  layout_falls_marsh, evilmike_swamp_ruin_house_1
Swamp:4:  swamp_icy, layout_basic_swamp
Snake:1:  layout_grid_shapes, grunt_megastairs_2
Snake:2:  layout_cave_shapes, serial_bayou_shore_a
Snake:3:  layout_basic, ebering_ghost_reflecting_pool, serial_bayou_pond_b,
          minmay_shop_star
Snake:4:  grunt_snake_rune_spirals, layout_onion_interference, uniq_mlioglotl,
          uniq_aizul, uniq_roxanne, uniq_louise
Slime:1:  layout_caves, cheibrodos_slime_lost_civilization_5
Slime:2:  layout_caves, dissolution_awaits
Slime:3:  layout_caves, uniq_dissolution
Slime:4:  layout_caves
Slime:5
Orc:1:    layout_caves
Orc:2:    st_orc_pillars, layout_diamond_mine, gauntlet_entry_generic
Elf:1:    eino_elf_arrival_customs, layout_loops_ring,
          minmay_elf_crystal_heptagon, glass_columns_a
Elf:2:    nicolae_elf_blades_crystal_corner, layout_geoelf_octagon, uniq_azrael
Elf:3:    minmay_elf_hall_four_x, layout_loops_cross, serial_shops, shop
Vaults:1: vaults_mumra_chevron_long, v_misc_18, v_misc_30, st_lines,
          vaults_room_large_hall, nicolae_vaults_asterisk,
          grunt_vaults_hallway_short, vaults_room_stairs_pillars,
          nicolae_vaults_ninety_degrees, nicolae_vaults_little_squares_1,
          nicolae_vaults_little_squares_3,
          vaults_standard_mumra_enter_the_diamond, vaults_room_corners,
          layout_vaults_chaotic_city, serial_shops, shop_fountains
Vaults:2: v_alt_pattern_3, nicolae_vaults_stairing_the_circle,
          vaults_standard_mumra_lines, vaults_room_door_ring,
          grunt_vaults_hallway_short, nicolae_vaults_windows_and_doors_thing,
          v_misc_11, ontoclasm_vaults_claustrophobia, layout_vaults_quadrants
Vaults:3: mu_enter_wizlab_1, grunt_vaults_trifunnel, nicolae_vaults_big_ls,
          nicolae_vaults_little_squares_1, minmay_crypt_entry_nasty_monster,
          nicolae_vaults_rhombus_6, v_misc_2, v_misc_31, ontoclasm_vaults_fault,
          vaults_mumra_minichess_inversion, vaults_room_corners,
          nicolae_vaults_little_squares_6, layout_vaults_ring
Vaults:4: v_pattern_1, vaults_dpeg_diagonal, v_misc_8, nicolae_vaults_meeting,
          nicolae_vaults_diagonal_hallway_8, vaults_room_fancy_cross, v_misc_9,
          vaults_mumra_hexcomb, ontoclasm_vaults_gateway,
          ontoclasm_vaults_pinch, nicolae_vaults_angled_halls,
          nicolae_vaults_alarming, hangedman_vaults_slice,
          vaults_room_door_ring, v_misc_11, nicolae_vaults_little_squares_2,
          layout_vaults_big_cross, serial_shops, shop, uniq_margery
Vaults:5: serial_shops, uniq_mennas
Crypt:1:  layout_regular_city, ebering_ghost_rock_garden, columned_hall_lemuel
Crypt:2:  layout_chaotic_city, basic_altar, st_stairs_4, feat_on_display
Crypt:3:  cryptofortress_bobbens, uniq_bai_suzhen
Depths:1: minmay_ornate_pinched, layout_cave_shapes, enter_ziggurat_b,
          minmay_misc_feat_columns, serial_shops, shop, pf_dread_powers_of_hell,
          tso_metal_star, infiniplex_staircase_pool_lava, uniq_sojobo
Depths:2: hangedman_cross_cluster, layout_cave_shapes, nzn_wu_jian_council_hall,
          pan_entry, hell_entry
Depths:3: minmay_the_grid_triangle_9x9_recursive_2
          [minmay_the_grid_triangle_9x9_prize_special,
          minmay_the_grid_triangle_9x9_negative_grid,
          minmay_the_grid_triangle_9x9_corrupted_corridor,
          minmay_the_grid_triangle_9x9_stretched_checkered], layout_cross,
          nicolae_ru_the_path_less_chosen, hell_entry, abyss_entry,
          grunt_pan_entry_zigzag, serial_column_ruins,
          column_ruins_portal_astroid, column_ruins_hut_water,
          column_ruins_open_small, column_ruins_grid_2,
          column_ruins_columns_straight, column_ruins_open_large
Depths:4: grunt_zot_entry_gee_three, layout_gridlike, grunt_mini_vestibule,
          minmay_misc_feat_alley, xom_redecorated
Hell
Dis:1:    layout_jigsaw
Dis:2:    nicolae_dis_hell_towers
Dis:3:    layout_regular_city, nicolae_dis_fourth_circle
Dis:4:    layout_gridville
Tar:1:    layout_grid_maze
Tar:2:    layout_grid_maze, lemuel_nasty_fountain
Tar:3:    layout_grid_maze, nicolae_tar_cuneiform_bird
Tar:4:    layout_honeycomb
Tar:5:    layout_catacombs
Tar:6:    nicolae_tar_entranced, layout_cathedral_of_symmetry
Zot:1:    layout_basic, uniq_grunn
Zot:2:    infiniplex_zot_generator, layout_gridlike
Zot:3:    layout_onion_interference, grunt_megastairs_1
Zot:4:    hangedman_orp_of_zott, layout_gridville
Zot:5:    layout_basic

Skill      XL: |  1  2  3  4  5  6  7  8  9 10 11 12 13 14 15 16 17 18 19 20 21 22 23 24 25 26 27 |
---------------+----------------------------------------------------------------------------------+-----
Axes           | 3 4 5 6 7 9 11 14 16 19 20 22 24 | 24.0
Throwing       | 5 6 8 11 13 15 16 18 20 | 20.0
Fighting       | 7 9 10 12 14 17 19 21 22 24 25 27 | 27.0
Armour         | 4 6 10 12 14 15 16 18 19 20 22 24 26 27 | 27.0
Invocations    | 3 5 8 9 10 12 13 16 | 16.6
Dodging        | 3 5 9 10 13 15 18 | 18.7
Evocations     | 5 8 10 13 15 16 18 | 18.5
Stealth        | 6 10 13 | 13.0
Ranged Weapons | 7 |  7.1

Action                   |  1- 3 |  4- 6 |  7- 9 | 10-12 | 13-15 | 16-18 | 19-21 | 22-24 | 25-27 || total
-------------------------+-------+-------+-------+-------+-------+-------+-------+-------+-------++-------
Melee: Hand axe          |    33 |    78 |       |       |       |       |       |       |       ||   111
       Headbutt          |     4 |    52 |    61 |    58 |   145 |   259 |   220 |   314 |   852 ||  1965
       Dagger            |       |   151 |   188 |       |       |       |       |       |       ||   339
       Punch             |       |     4 |     2 |       |       |       |       |       |       ||     6
       Battleaxe         |       |       |    75 |   337 |    92 |       |       |       |    34 ||   538
       Executioner's axe |       |       |       |       |   493 |  1009 |   817 |   968 |  2175 ||  5462
       Broad axe         |       |       |       |       |    17 |     9 |       |       |       ||    26
 Fire: Shortbow          |       |       |       |       |       |       |       |       |     3 ||     3
Throw: Dart              |       |       |     7 |    23 |     8 |     1 |       |     3 |     3 ||    45
       Boomerang         |       |       |     2 |       |    30 |    70 |   161 |   148 |    58 ||   469
       Throwing net      |       |       |       |       |     2 |     3 |       |       |       ||     5
       Javelin           |       |       |       |       |       |       |       |     1 |    47 ||    48
Invok: Heroism           |       |       |       |     1 |     6 |     1 |     1 |       |       ||     9
       Finesse           |       |       |       |       |     3 |     9 |     9 |     7 |     8 ||    36
       Cleansing Flame   |       |       |       |       |       |       |       |       |     6 ||     6
       Summon Divine War |       |       |       |       |       |       |       |       |     2 ||     2
       Brand Weapon With |       |       |       |       |       |       |       |       |     1 ||     1
Evoke: Wand              |       |       |     9 |     4 |     7 |     5 |     2 |     4 |       ||    31
       Tin of tremorston |       |       |       |       |       |       |     1 |     5 |       ||     6
       Condenser vane    |       |       |       |       |       |       |       |     1 |     1 ||     2
       Box of beasts     |       |       |       |       |       |       |       |       |     1 ||     1
  Use: Potion            |       |     1 |     3 |       |     1 |       |     5 |     4 |     5 ||    19
       Scroll            |       |     1 |     2 |    12 |    12 |     5 |    10 |     7 |     6 ||    55
 Stab: Sleeping          |       |     2 |       |       |     1 |       |       |       |       ||     3
       Paralysed         |       |       |    12 |       |       |       |       |       |       ||    12
       Held in net/web   |       |       |       |       |     1 |     1 |       |       |       ||     2
       Distracted        |       |       |       |       |       |       |       |     2 |       ||     2
       Invisible         |       |       |       |       |       |       |       |     1 |       ||     1
Armor: Scale mail        |    18 |    72 |    74 |       |       |       |       |       |       ||   164
       Skin              |       |       |    13 |       |       |       |       |       |       ||    13
       Chain mail        |       |       |    17 |   131 |    29 |       |       |       |       ||   177
       Leather armour    |       |       |       |       |     6 |       |       |       |       ||     6
       Plate armour      |       |       |       |       |   253 |   583 |   165 |       |       ||  1001
       Ring mail         |       |       |       |       |     2 |       |       |       |       ||     2
       Gold dragon scale |       |       |       |       |       |       |   220 |   626 |  1501 ||  2347
Dodge: Dodged            |    20 |   115 |   119 |   173 |   152 |   356 |   237 |   446 |  1257 ||  2875
Block: Other             |       |       |       |       |    44 |       |       |       |       ||    44

Table legend: (Time is in decaauts)
 A = Elapsed time spent in this place.
 B = Non-inter-level travel time spent in this place.
 C = Inter-level travel time spent in this place.
 D = Time resting spent in this place.
 E = Time spent auto-exploring this place.
 F = Levels seen in this place.
 G = Mean time per level.
                   A        B        C        D        E       F      G
               +--------+--------+--------+--------+--------+-----+--------+
         Total |  78104 |  70092 |   8012 |  14651 |  40574 |  74 | 1055.5 |
       Dungeon |  21220 |  19095 |   2125 |   3663 |  12586 |  15 | 1414.7 |
        Temple |     54 |     49 |      5 |      0 |     34 |   1 |   54.0 |
          Lair |   7073 |   5845 |   1228 |    719 |   3892 |   5 | 1414.6 |
         Swamp |   3098 |   2891 |    207 |    559 |   1705 |   4 |  774.5 |
     Snake Pit |   7172 |   6886 |    286 |   2487 |   3060 |   4 | 1793.0 |
    Slime Pits |   1472 |   1396 |     76 |    608 |    275 |   5 |  294.4 |
  Orcish Mines |   2685 |   2257 |    428 |    574 |   1161 |   2 | 1342.5 |
   Elven Halls |   3724 |   3253 |    471 |    519 |   1749 |   3 | 1241.3 |
        Vaults |   8451 |   6972 |   1479 |    712 |   5110 |   5 | 1690.2 |
         Crypt |   3224 |   2946 |    278 |    148 |   2082 |   3 | 1074.7 |
        Depths |   5441 |   4809 |    632 |    859 |   3075 |   4 | 1360.2 |
          Hell |    908 |    845 |     63 |    406 |    260 |   1 |  908.0 |
           Dis |    934 |    880 |     54 |     67 |    587 |   4 |  233.5 |
      Tartarus |   1523 |   1181 |    342 |     60 |    778 |   6 |  253.8 |
           Zot |   7211 |   6880 |    331 |   1811 |   3323 |   5 | 1442.2 |
         Abyss |    857 |    857 |      0 |    216 |     91 |   3 |  285.7 |
      Ice Cave |   1243 |   1243 |      0 |    918 |     81 |   1 | 1243.0 |
       Volcano |    516 |    516 |      0 |    221 |    128 |   1 |  516.0 |
        Wizlab |    873 |    873 |      0 |      0 |    503 |   1 |  873.0 |
      Gauntlet |    417 |    417 |      0 |    100 |     92 |   1 |  417.0 |
               +--------+--------+--------+--------+--------+-----+--------+

Top non-repeatable levels by time:
    D:13: 2578 daAuts
  Lair:5: 2298 daAuts
   Zot:5: 2278 daAuts
 Snake:1: 2187 daAuts
   Orc:2: 2088 daAuts
Depths:1: 1970 daAuts
Vaults:1: 1947 daAuts
Vaults:5: 1915 daAuts
    D:15: 1864 daAuts
     D:4: 1808 daAuts
 Snake:4: 1750 daAuts
   Elf:3: 1747 daAuts
 Snake:3: 1744 daAuts
Vaults:3: 1690 daAuts
Vaults:4: 1550 daAuts
